 Dungeon Crawl Stone Soup version 0.29-a0-920-g5d2155ec51 (webtiles) character file.

Game seed: 7954359880241571074

36526 Essalna the Unseen (level 14, -10/90 HPs)
             Began as a Kobold Enchanter on July 26, 2022.
             Was a High Priest of Dithmenos.
             Mangled by a death yak (18 damage)
             ... on level 5 of the Lair of Beasts on July 27, 2022.
             The game lasted 00:47:26 (18983 turns).

Essalna the Unseen (Kobold Enchanter)              Turns: 18983, Time: 00:47:27

Health: -10/90     AC: 14    Str:  5    XL:     14   Next: 24%
Magic:  17/17      EV: 26    Int: 21    God:    Dithmenos [*****.]
Gold:   653        SH:  0    Dex: 16    Spells: 12/17 levels left

rFire   . . .      SeeInvis +   O - +0 rapier (freeze)
rCold   + . .      Faith    .   (no shield)
rNeg    . . .      Spirit   .   g - +2 robe {rC+}
rPois   .          Reflect  .   N - +2 helmet {SInv}
rElec   .          Harm     .   A - +1 cloak {Will+}
rCorr   .          Rampage  .   t - +0 pair of gloves
Will    ++...                   (no boots) Stlth *+++++++++
                                d - amulet of the acrobat
HPRegen 0.25/turn               f - +4 ring of evasion
MPRegen 0.15/turn               p - +4 ring of protection

@: about to teleport, wreathed by umbra
A: small, no large weapons, nightstalker 3
a: Renounce Religion, Shadow Step, Shadow Form


You were on level 5 of the Lair of Beasts.
You worshipped Dithmenos.
Dithmenos was extremely pleased with you.
You visited 2 branches of the dungeon, and saw 14 of its levels.

You collected 653 gold pieces.

Inventory:

Hand Weapons
 j - a +2 short sword of speed
 O - a +0 rapier of freezing (weapon)
Armour
 g - a +2 robe of cold resistance (worn)
 t - a +0 pair of gloves (worn)
 A - a +1 cloak of willpower (worn)
 N - a +2 helmet of see invisible (worn)
 V - the +1 robe of the Constellations {rF+ Regen+ rCorr Dex-4}
   (You found it on level 4 of the Lair of Beasts)

   Dex:       It affects your dexterity (-4).
   rF:        It protects you from fire.
   Regen:     It increases your rate of health regeneration.
   rCorr:     It protects you from acid and corrosion.
Jewellery
 d - an amulet of the acrobat (around neck)
 f - a +4 ring of evasion (left hand)
 i - a ring of poison resistance
 p - a +4 ring of protection (right hand)
 q - a +6 ring of dexterity
 I - a ring of ice
 R - a +6 ring of dexterity
 T - a ring of resist corrosion
Wands
 n - a wand of flame (26)
 B - a wand of roots (13)
 G - a wand of paralysis (3)
 M - a wand of polymorph (8)
Scrolls
 e - 4 scrolls of amnesia
 k - a scroll of teleportation
 l - a scroll of butterflies
 s - 2 scrolls of immolation
 u - 5 scrolls of magic mapping
 w - 3 scrolls of enchant armour
 y - 2 scrolls of torment
 H - 2 scrolls of blinking
 J - a scroll of noise
 L - 2 scrolls of poison
 U - 3 scrolls of identify
Potions
 b - a potion of haste {unknown}
 c - 3 potions of invisibility
 m - 3 potions of curing
 o - a potion of flight {unknown}
 r - 5 potions of mutation
 v - a potion of ambrosia
 x - 3 potions of cancellation
 z - 2 potions of berserk rage
 C - 2 potions of lignification
 D - 2 potions of brilliance
 E - 4 potions of attraction
 F - 6 potions of heal wounds
 K - 2 potions of might
 S - 2 potions of resistance {unknown}


   Skills:
 + Level 11.6 Fighting
 + Level 13.7 Short Blades
 + Level 12.9 Dodging
 + Level 15.3 Stealth
 - Level 2.1 Spellcasting
 + Level 11.2 Hexes


You had 12 spell levels left.
You knew the following spells:

 Your Spells              Type           Power      Damage    Failure   Level
a - Ensorcelled Hibernat  Hex/Ice        50%        N/A       2%          2
b - Confusing Touch       Hex            49%        N/A       1%          3

Your spell library contained the following spells:

 Spells                   Type           Power      Damage    Failure   Level
 Tukima's Dance           Hex            49%        N/A       1%          3
 Dazzling Flash           Conj/Hex       50%        N/A       4%          3
 Apportation              Tloc           4%         N/A       14%         1
 Necrotise                Necr           8%         1d4       14%         1
 Summon Small Mammal      Summ           8%         N/A       14%         1
 Fulminant Prism          Conj/Hex       12%        3d9       14%         4
 Passwall                 Tmut/Erth      1%         N/A       22%         2
 Static Discharge         Conj/Air       2%         3-4/arc   22%         2
 Swiftness                Air            2%         N/A       41%         3
 Vampiric Draining        Necr           2%         2d6       41%         3
 Airstrike                Air            1%         0-2+      82%         4
 Animate Dead             Necr           2%         N/A       82%         4
 Iskenderun's Mystic Bla  Conj/Tloc      2%         2d3       82%         4
 Summon Lightning Spire   Summ/Air       2%         N/A       82%         4
 Agony                    Necr           2%         N/A       99%         5
 Borgnjor's Vile Clutch   Necr/Erth      1%         N/A       99%         5
 Lee's Rapid Deconstruct  Erth           1%         3d5*      99%         5
 Lightning Bolt           Conj/Air       1%         1d12      99%         5
 Death Channel            Necr           1%         N/A       100%        6
 Maxwell's Capacitive Co  Air            1%         ∞         100%        8


Dungeon Overview and Level Annotations

Branches:
Dungeon (9/15)             Temple (0/1) D:4            Lair (5/5) D:8
  Swamp (0/4) Lair:2        Snake (0/4) Lair:2        Slime (0/5) Lair:5
    Orc: D:9-12

Altars:
Ashenzari
Cheibriados
Dithmenos
Elyvilon
Gozag
Hepliaklqana
Okawaru
Qazlal
Ru
Sif Muna
Uskayaw
Jiyva

Annotations:
Lair:5 1 runed translucent door


Innate Abilities, Weirdness & Mutations

You are small and have problems with some larger weapons.
You are completely attuned to the shadows.


Message History

You see here a +0 leather armour.
A death yak is nearby!
Casting: Confusing Touch (safe; 1% risk of failure)
Confirm with . or Enter, or press ? or * to list all spells.
Your hands begin to glow red.
The death yak bellows!
You hit the death yak but do no damage.
Your shadow hits the death yak but does no damage.
The death yak gores you!!
The death yak bellows!
You hear a bellow!
You hit the death yak but do no damage.
You hear a bellow!
You hit the death yak but do no damage. You punch the death yak.
The death yak is lightly wounded.
Your shadow hits the death yak but does no damage.
The death yak gores you but does no damage.
You hit the death yak but do no damage.
Your shadow hits the death yak but does no damage.
You hit the death yak but do no damage.
Your shadow hits the death yak but does no damage.
The death yak gores you!
You hit the death yak but do no damage. You hit the death yak but do no damage.
The death yak completely misses you.
You hit the death yak but do no damage.
Your shadow hits the death yak with a rapier.
The death yak attacks as you move away! The death yak completely misses you.
The death yak attacks as you move away! The death yak gores you.
The death yak attacks as you move away! The death yak completely misses you.
The death yak attacks as you move away! The death yak gores you!
The death yak attacks as you move away! The death yak completely misses you.
The death yak attacks as you move away! The death yak gores you.
The death yak attacks as you move away! The death yak gores you!
The death yak attacks as you move away! The death yak gores you!!
* * * LOW HITPOINT WARNING * * *
Your hands stop glowing.
The death yak attacks as you move away! The death yak gores you.
* * * LOW HITPOINT WARNING * * *
As you read the scroll of teleportation, it crumbles to dust.
You feel strangely unstable. The death yak gores you!!
You die...

... ##..##.....#.....# ...
#...##..........## ...
##...##...P......# ..#
#....##.........## .##
##....##.Y.......# .# ...
#....##.......P## .. ....##
##..P...........##
........########..P.............#
.##.............@YYY...........##
.##..........##....##.#..#.P..##
# #...#..#..####...########[...##
.##....###.#.##....###...#.#....#
.##...####...#.....##.........###
###....##.................##...#
.##....##....#......#.....###.###
......######..^#....##.....##...#
##.#..# ####....####....##..##


You could see 3 death yaks.

Vanquished Creatures
  Josephine (Lair:5)
  Fannar (Lair:1)
  4 hydras
  A death yak (Lair:5)
  A lindwurm (Lair:5)
  A wolf spider (Lair:4)
  A manticore (D:8)
  A guardian serpent (Lair:5)
  12 black mambas
  13 cane toads
  Maggie (D:8)
  2 rime drakes (Lair:5)
  6 komodo dragons
  2 burning bushes (Lair:5)
  2 polar bears
  7 blink frogs
  2 hornets (Lair:5)
  13 dream sheep
  5 wraiths
  46 yaks
  11 wyverns
  2 basilisks
  2 steam dragons
  A redback (Lair:5)
  2 nagas (Lair:2)
  20 water moccasins
  2 sky beasts (D:6)
  3 black bears
  An ogre (D:6)
  3 wolves (Lair:3)
  2 centaurs (D:8)
  A phantom (D:4)
  A kobold brigand (D:7)
  11 bullfrogs
  3 necrophages
  4 scorpions
  3 wights (D:7)
  6 killer bees (D:8)
  4 howler monkeys
  4 electric eels (Lair:2)
  3 hounds
  3 jellies
  2 orc priests (D:5)
  2 gnoll boudas
  Crazy Yiuf (D:3)
  Terence (D:3)
  7 iguanas
  An orc wizard (D:7)
  13 gnolls
  8 adders
  A shadow imp (D:6)
  A white imp (D:8)
  An ufetubus (D:4)
  A worm (D:4)
  A dart slug (D:1)
  12 orcs
  5 bats
  4 endoplasms
  4 giant cockroaches
  4 goblins
  7 hobgoblins
  3 jackals (D:1)
  12 kobolds
  3 quokkas
  6 ball pythons
  9 rats
323 creatures vanquished.

Vanquished Creatures (collateral kills)
  A cane toad (Lair:5)
  A water moccasin (Lair:5)
  A bush (Lair:5)
3 creatures vanquished.

Vanquished Creatures (others)
  An electric eel (Lair:1)
  46 fungi
  87 plants
134 creatures vanquished.

Grand Total: 460 creatures vanquished

Notes
Turn   | Place    | Note
-------+----------+-------------------------------------------
     0 | D:1      | Essalna the Kobold Enchanter began the quest for the Orb.
     0 | D:1      | Reached XP level 1. HP: 10/10 MP: 3/3
   250 | D:1      | Reached XP level 2. HP: 16/16 MP: 5/5
   534 | D:1      | Reached XP level 3. HP: 20/20 MP: 6/6
   558 | D:1      | Reached skill level 1 in Fighting
   654 | D:1      | Found a faded altar of an unknown god.
   716 | D:1      | You fall into a shaft and drop 1 floor!
   817 | D:2      | Learned a level 2 spell: Ensorcelled Hibernation
  1059 | D:2      | Reached XP level 4. HP: 25/25 MP: 7/7
  1529 | D:3      | Found a snail-covered altar of Cheibriados.
  1532 | D:3      | Found a broken altar of Ashenzari.
  1535 | D:3      | Found an opulent altar of Gozag.
  1549 | D:3      | Found an iron altar of Okawaru.
  2302 | D:3      | Noticed Terence
  2317 | D:3      | Killed Terence
  2338 | D:3      | Reached XP level 5. HP: 30/30 MP: 3/8
  2467 | D:3      | Learned a level 3 spell: Confusing Touch
  2559 | D:3      | Reached skill level 5 in Stealth
  2904 | D:3      | Found a runed translucent door.
  2907 | D:3      | Noticed Crazy Yiuf
  2912 | D:3      | Killed Crazy Yiuf
  3092 | D:4      | Reached XP level 6. HP: 36/36 MP: 9/9
  3275 | D:4      | Found a shadowy altar of Dithmenos.
  3318 | D:4      | Became a worshipper of Dithmenos the Shadowed
  3740 | D:4      | Reached XP level 7. HP: 38/40 MP: 10/10
  3812 | D:4      | Reached skill level 6 in Stealth
  3979 | D:4      | Found a staircase to the Ecumenical Temple.
  4093 | D:5      | Entered Level 5 of the Dungeon
  4541 | D:5      | Reached skill level 5 in Dodging
  4541 | D:5      | Reached XP level 8. HP: 35/48 MP: 4/11
  4690 | D:5      | Reached skill level 5 in Short Blades
  4871 | D:6      | Reached * piety under Dithmenos
  4872 | D:6      | Reached skill level 7 in Stealth
  4899 | D:6      | Reached skill level 5 in Hexes
  5775 | D:6      | Found a hazy altar of Hepliaklqana.
  5884 | D:6      | Reached XP level 9. HP: 53/53 MP: 12/12
  6191 | D:6      | Reached skill level 5 in Fighting
  6212 | D:6      | Reached skill level 8 in Stealth
  6282 | D:6      | Found a stormy altar of Qazlal.
  6475 | D:6      | Found a sacrificial altar of Ru.
  6946 | D:7      | Found a shimmering blue altar of Sif Muna.
  7101 | D:7      | Found a hide-covered altar of Uskayaw.
  7464 | D:7      | Reached ** piety under Dithmenos
  7810 | D:8      | Reached skill level 9 in Stealth
  7901 | D:8      | Reached XP level 10. HP: 60/60 MP: 4/13
  8291 | D:8      | Noticed Maggie
  8299 | D:8      | Killed Maggie
  8309 | D:8      | Reached skill level 10 in Stealth
  9137 | D:8      | Noticed a manticore
  9151 | D:8      | Killed a manticore
  9152 | D:8      | Reached XP level 11. HP: 57/68 MP: 10/14
  9381 | D:8      | Found a staircase to the Lair.
  9560 | D:8      | Reached skill level 11 in Stealth
  9755 | D:8      | Reached *** piety under Dithmenos
  9819 | Lair:1   | Entered Level 1 of the Lair of Beasts
  9820 | Lair:1   | Noticed Fannar
  9830 | Lair:1   | Killed Fannar
  9831 | Lair:1   | Reached skill level 10 in Short Blades
 10258 | Lair:1   | Reached skill level 12 in Stealth
 10323 | Lair:1   | Found a white marble altar of Elyvilon.
 10418 | Lair:1   | Reached skill level 10 in Dodging
 10441 | Lair:1   | Reached XP level 12. HP: 53/75 MP: 7/15
 10590 | Lair:1   | Noticed a five-headed hydra
 10593 | Lair:1   | Killed a five-headed hydra
 11285 | Lair:2   | Found a staircase to the Snake Pit.
 11433 | Lair:2   | Noticed a four-headed hydra
 11437 | Lair:2   | Killed a four-headed hydra
 11796 | Lair:2   | Reached skill level 13 in Stealth
 11969 | Lair:2   | Found a staircase to the Swamp.
 12116 | Lair:2   | Reached **** piety under Dithmenos
 13213 | Lair:3   | Noticed a six-headed hydra
 13219 | Lair:3   | Killed a six-headed hydra
 13220 | Lair:3   | Reached skill level 10 in Fighting
 14008 | Lair:4   | Reached XP level 13. HP: 82/82 MP: 16/16
 14500 | Lair:4   | Identified the +1 robe of the Constellations {rF+ Regen+
                  | rCorr Dex-4}
 14785 | Lair:4   | Reached skill level 10 in Hexes
 15064 | Lair:4   | Reached skill level 14 in Stealth
 15164 | Lair:4   | Found an iron altar of Okawaru.
 15612 | Lair:5   | Entered Level 5 of the Lair of Beasts
 16933 | Lair:5   | Noticed a four-headed hydra
 16939 | Lair:5   | Killed a four-headed hydra
 17076 | Lair:5   | Reached ***** piety under Dithmenos
 17200 | Lair:5   | Found a runed translucent door.
 17201 | Lair:5   | Found a viscous altar of Jiyva.
 17202 | Lair:5   | Found a staircase to the Slime Pits.
 17268 | Lair:5   | Upgraded the game from 0.29-a0-914-g906f1d757c to
                  | 0.29-a0-920-g5d2155ec51
 17329 | Lair:5   | Noticed Josephine
 17356 | Lair:5   | Killed Josephine
 17362 | Lair:5   | Reached skill level 15 in Stealth
 17403 | Lair:4   | Reached XP level 14. HP: 56/90 MP: 17/17
 18983 | Lair:5   | Mangled by a death yak

Illustrated notes

Levels and vault maps discovered:
D:1:      dpeg_arrival_boxorama, layout_basic, shapermc_ecumenical_altar_venn
D:2:      layout_loops_ring
D:3:      layout_loops_cross, grunt_temple_overflow_cloverleaf, uniq_terence,
          uniq_crazy_yiuf_cottage
D:4:      layout_loops_corners, mainiacjoe_overflow_catwalk,
          minmay_temple_entry_glass
D:5:      layout_loops_ring, grunt_ministairs_1
D:6:      layout_basic, mainiacjoe_overflow_alcove_4, overflow_temple_1_default,
          mainiacjoe_overflow_alcove_1
D:7:      layout_loops_corners, nicolae_uskayaw_dance_studio, old_standard_altar
D:8:      layout_basic, david_lair_shrubbed, uniq_maggie
D:9:      layout_gridville, lemuel_coloured_pillars_altar, nicolae_eternal_life,
          st_stairs_9, uniq_psyche
Lair:1:   layout_loops_ring, basic_altar, serial_bayou_shore_a,
          infiniplex_staircase_pool, lemuel_fruit_fields, serial_bayou_shore_b,
          lemuel_fruit_fields, uniq_fannar
Lair:2:   layout_small_grid, minmay_swamp_entry_eels,
          guppyfry_snake_entry_island, grunt_megastairs_1
Lair:3:   layout_cave_pods, eino_small_chamber_without_monster
Lair:4:   layout_concentric_octagons, basic_altar
Lair:5:   hangedman_lair_tendril_chambers, layout_regular_city, slime_entry_2,
          evilmike_ambush [evilmike_ambush_outer_corners,
          evilmike_ambush_inner_pond], uniq_josephine

Skill      XL: |  1  2  3  4  5  6  7  8  9 10 11 12 13 14 |
---------------+-------------------------------------------+-----
Short Blades   | 2 3 4 6 7 9 10 12 13 | 13.7
Fighting       | 1 2 3 4 6 7 8 10 11 | 11.6
Dodging        | 3 4 5 6 7 8 10 11 12 | 12.9
Stealth        | 5 6 7 9 10 12 13 15 | 15.3
Hexes          | 4 5 6 7 8 9 10 11 | 11.2
Spellcasting   | |  2.1

Action                   |  1- 3 |  4- 6 |  7- 9 | 10-12 | 13-15 || total
-------------------------+-------+-------+-------+-------+-------++-------
Melee: Dagger            |    14 |       |       |       |       ||    14
       Short sword       |    51 |   123 |   206 |   537 |   247 ||  1164
       Punch             |       |     1 |     6 |     8 |    18 ||    33
       Rapier            |       |       |       |       |   250 ||   250
 Cast: Ensorcelled Hiber |       |     9 |    31 |    19 |    74 ||   133
       Confusing Touch   |       |       |     8 |    60 |    44 ||   112
  Use: Scroll            |       |       |       |    20 |     5 ||    25
       Potion            |       |       |       |       |     2 ||     2
 Stab: Sleeping          |    12 |    20 |    42 |    43 |    30 ||   147
       Distracted        |       |     1 |       |       |     2 ||     3
       Confused          |       |       |    11 |    78 |    41 ||   130
Armor: Robe              |     4 |     8 |    16 |    23 |    44 ||    95
Dodge: Dodged            |    39 |    63 |   152 |   325 |   426 ||  1005

Table legend: (Time is in decaauts)
 A = Elapsed time spent in this place.
 B = Non-inter-level travel time spent in this place.
 C = Inter-level travel time spent in this place.
 D = Time resting spent in this place.
 E = Time spent auto-exploring this place.
 F = Levels seen in this place.
 G = Mean time per level.
                   A        B        C        D        E       F      G
               +--------+--------+--------+--------+--------+-----+--------+
         Total |  18308 |  17426 |    882 |    760 |  13854 |  14 | 1307.7 |
       Dungeon |   9635 |   9114 |    521 |    296 |   7463 |   9 | 1070.6 |
          Lair |   8672 |   8311 |    361 |    464 |   6391 |   5 | 1734.4 |
               +--------+--------+--------+--------+--------+-----+--------+

Top non-repeatable levels by time:
  Lair:4: 2547 daAuts
  Lair:5: 2194 daAuts
     D:8: 1901 daAuts
  Lair:2: 1487 daAuts
     D:4: 1319 daAuts
  Lair:1: 1279 daAuts
     D:6: 1178 daAuts
  Lair:3: 1163 daAuts
     D:1: 1103 daAuts
     D:5: 1072 daAuts
     D:3: 1043 daAuts
     D:7: 1020 daAuts
     D:2: 847 daAuts
     D:9: 148 daAuts
